 Dungeon Sprint DCSS version 0.27.1 (webtiles) character file.

Game seed: 1062127710950649339

181 styxcanada the Covert (level 5, 0/28 HPs)
             Began as a Spriggan Brigand on Aug 29, 2021.
             Was an Initiate of Gozag.
             Slain by a scorpion (5 damage)
             ... in the Dungeon (Sprint IV: "Fedhas' Mad Dash").
             The game lasted 00:01:35 (102 turns).

styxcanada the Covert (Spriggan Brigand)             Turns: 102, Time: 00:01:37

Health: 0/28       AC:  3    Str:  7    XL:     5   Next: 34%
Magic:  4/6        EV: 19    Int: 13    God:    Gozag
Gold:   154        SH:  0    Dex: 17    Spells: 4/4 levels left

rFire    . . .     SeeInvis +   a - +2 dagger
rCold    . . .     Faith    .   (shield restricted)
rNeg     . . .     Spirit   .   b - +0 robe
rPois    .         Reflect  .   (helmet restricted)
rElec    .         Harm     .   c - +0 cloak
rCorr    .         Rampage  .   (gloves unavailable)
Will     .....     NoTele   +   (boots unavailable)
Stlth    ++++++....             m - amulet of invisibility {+Inv}
HPRegen  0.09/turn              (no ring)
MPRegen  0.10/turn              (no ring)

@: very slightly contaminated, invisible, very quick
A: very small, no large weapons, unfitting armour, see invisible, speed 3
a: Renounce Religion, Evoke Invisibility, Potion Petition, Call Merchant, Bribe
Branch


You were in the Dungeon.
You worshipped Gozag.
Gozag was aware of your devotion.
You visited 1 branch You collected 154 gold pieces.

Inventory:

Hand Weapons
 a - a +2 dagger (weapon)
Missiles
 d - 8 poisoned darts (quivered)
 e - 2 curare-tipped darts
Armour
 b - a +0 robe (worn)
 c - a +0 cloak (worn)
Jewellery
 l - an amulet of magic regeneration
 m - the amulet of invisibility (around neck) {+Inv}
   (You found it in the Dungeon)

   [amulet of nothing]

   +Inv:      It lets you turn invisible.
Scrolls
 k - 2 scrolls of blinking
Potions
 f - a potion of curing
 g - a potion of heal wounds
 h - a potion of haste
 i - 2 potions of magic
 j - a potion of berserk rage
 n - a potion of brilliance {unknown}


   Skills:
 * Level 3.2 Fighting
 + Level 3.4 Short Blades
 + Level 2.9 Throwing
 * Level 5.0 Dodging
 * Level 14.4 Stealth
 + Level 0.3 Evocations


You had 4 spell levels left.
You didn't know any spells.
Your spell library was empty.

Dungeon Overview and Level Annotations

Branches:
Dungeon (1/1)

Altars:
Cheibriados
Dithmenos
Elyvilon
Gozag
Hepliaklqana
Kikubaaqudgha
Makhleb
Nemelex Xobeh
Okawaru
Qazlal
Ru
Sif Muna
Trog
Uskayaw
Vehumet
Wu Jian
Xom
Yredelemnul
Zin
The Shining One
Beogh
Jiyva
Lugonu


Innate Abilities, Weirdness & Mutations

You are very small and have problems with some larger weapons.
You are too small for most types of armour.
You have supernaturally acute eyesight. (SInv)
You cover ground extremely quickly. (Speed+++)


Message History

Found 16 arrows and a scroll of blinking.
There is an open door here.
You flicker back into view.
The helpless oklob sapling wizard fails to defend itself.
You perforate the oklob sapling wizard like a sieve!!!!
You destroy the oklob sapling wizard!
Your Dodging skill increases to level 5!
Your Stealth skill increases to level 14!
Unknown command.
You now have 154 gold pieces (gained 72).
k - 2 scrolls of blinking (gained 1)
You see here 16 arrows.
You start resting.
Magic restored.
You start waiting.
Your magical contamination has completely faded away.
You fade into invisibility!
You are very lightly contaminated with residual magic.
You open the door.
A scorpion and 2 spriggans come into view.
Found 34 gold pieces.
Unknown command.
There is an open door here.
The scorpion misses you.
The spriggan shouts!
You see here 5 gold pieces.
You hit the spriggan.
The spriggan is moderately wounded.
The spriggan hits you with a +0 dagger!
The scorpion stings you but does no damage.
You hit the scorpion.
The scorpion is lightly wounded.
The scorpion stings you.
You hit the scorpion but do no damage.
The scorpion is lightly wounded.
The spriggan hits you with a +0 dagger!
* * * LOW HITPOINT WARNING * * *
The spriggan completely misses you. The scorpion stings you.
You die...
Your body crumbles into a pile of gold.

####################
⌠._._._._.⌠.#.('@i.#
._._._._._..'..#is$#
.._._._._...#..###+#
$$ ._._._._._..#..#
$ _._._._._.⌠.####
############# $


You could see 2 spriggans and a scorpion.

Vanquished Creatures
  A scorpion (D)
  3 oklob saplings (D)
  A river rat (D)
  A rat (D)
6 creatures vanquished.

Notes
Turn   | Place    | Note
-------+----------+-------------------------------------------
     0 | D        | styxcanada the Spriggan Brigand began the quest for the
                  | Orb.
     0 | D        | Reached XP level 1. HP: 10/10 MP: 2/2
     9 | D        | Reached skill level 7 in Stealth
     9 | D        | Reached XP level 2. HP: 15/15 MP: 3/3
    17 | D        | Noticed an oklob sapling
    19 | D        | Killed an oklob sapling
    20 | D        | Reached skill level 10 in Stealth
    20 | D        | Reached XP level 3. HP: 18/18 MP: 4/4
    21 | D        | Noticed a scorpion
    21 | D        | Found the amulet of invisibility {+Inv}
    23 | D        | Killed a scorpion
    24 | D        | Reached skill level 12 in Stealth
    24 | D        | Reached XP level 4. HP: 23/23 MP: 5/5
    42 | D        | Found an opulent altar of Gozag.
    42 | D        | Found a hazy altar of Hepliaklqana.
    42 | D        | Found a burning altar of Makhleb.
    42 | D        | Found a sparkling altar of Nemelex Xobeh.
    42 | D        | Found a sacrificial altar of Ru.
    42 | D        | Found a shimmering blue altar of Sif Muna.
    42 | D        | Found an ornate altar of the Wu Jian Council.
    42 | D        | Found a shimmering altar of Xom.
    42 | D        | Found a basalt altar of Yredelemnul.
    43 | D        | Found a viscous altar of Jiyva.
    43 | D        | Found a snail-covered altar of Cheibriados.
    43 | D        | Found a bloodstained altar of Trog.
    44 | D        | Found an iron altar of Okawaru.
    44 | D        | Found a shadowy altar of Dithmenos.
    44 | D        | Found a glowing silver altar of Zin.
    45 | D        | Found an ancient bone altar of Kikubaaqudgha.
    45 | D        | Found a hide-covered altar of Uskayaw.
    46 | D        | Found a stormy altar of Qazlal.
    46 | D        | Found a white marble altar of Elyvilon.
    46 | D        | Found a glowing golden altar of the Shining One.
    47 | D        | Became a worshipper of Gozag Ym Sagoz the Greedy
    48 | D        | Found a corrupted altar of Lugonu.
    48 | D        | Found a radiant altar of Vehumet.
    52 | D        | Reached skill level 13 in Stealth
    52 | D        | Reached XP level 5. HP: 28/28 MP: 3/6
    64 | D        | Reached skill level 5 in Dodging
    64 | D        | Reached skill level 14 in Stealth
   102 | D        | Slain by a scorpion

Illustrated notes

Levels and vault maps discovered:
D:        dungeon_sprint_fedhas [sprint_temple]

Skill      XL: |  1  2  3  4  5 |
---------------+----------------+-----
Fighting       | 2 3 |  3.2
Dodging        | 2 3 4 5 |  5.0
Stealth        | 7 10 12 13 14 | 14.4
Short Blades   | 3 |  3.4
Throwing       | |  2.9
Evocations     | |  0.3

Action                   |  1- 3 |  4- 6 || total
-------------------------+-------+-------++-------
Melee: Dagger            |     4 |     5 ||     9
 Abil: Evoke Invisibilit |       |     2 ||     2
 Stab: Sleeping          |     4 |     2 ||     6
Armor: Robe              |       |     1 ||     1
Dodge: Dodged            |       |     2 ||     2
